 Dungeon Sprint DCSS version 0.31-a0-876-gfe8ebadbca (webtiles) character file.

Game seed: 2032505921381901519

392 rocky1 the Nimble (level 7, -1/48 HPs)
             Began as a Djinni Gladiator on Oct 14, 2023.
             Slain by a neqoxec (13 damage)
             ... in the Dungeon (Sprint II: "The Violet Keep of Menkaure").
             The game lasted 00:00:23 (33 turns).

rocky1 the Nimble (Djinni Gladiator)                  Turns: 33, Time: 00:00:24

Health: -1/48      AC:  4    Str: 13    XL:     7   Next: 8%
Gold:   0          EV: 16    Int: 10    God:
                   SH:  0    Dex: 16

rFire   + + .        a - +0 long sword
rCold   x . .        (no shield)
rNeg    . . .        b - +0 leather armour
rPois   ∞            c - +0 helmet
rElec   .            (no cloak)
rCorr   .            (no gloves)
SInv    .            (boots unavailable)
Will    .....        (no amulet)
Stlth   +            (no ring)
HPRegen 0.28/turn    (no ring)
MPRegen 0.00/turn

%: no teleportation, infuse magic (-2 HP)
@: on berserk cooldown, flying, hasted and slowed
A: sickness immunity, fire resistance 2, cold vulnerability 1, float, innate
caster, HP casting, extra vitality 1, frail 1
a: no special abilities


You were in the Dungeon.
You visited 1 branch

Inventory:

Hand Weapons
 a - a +0 long sword (weapon)
Missiles
 d - 3 throwing nets (quivered)
 e - a javelin
Armour
 b - a +0 leather armour (worn)
 c - a +0 helmet (worn)
Scrolls
 j - a scroll of blinking
Potions
 f - a potion of curing
 g - a potion of heal wounds


   Skills:
 + Level 5.0 Fighting
 + Level 9.0 Long Blades
 + Level 4.0 Throwing
 + Level 1.0 Armour
 + Level 9.5 Dodging


You knew the following spells:

 Your Spells              Type           Power      Damage    Failure   Level
a - Freeze                Ice            0%         1d3       43%         1
b - Momentum Strike       Conj/Tloc      0%         3d8       58%         2
c - Vampiric Draining     Necr           0%         2d6       82%         3
Your spell library was empty.

Dungeon Overview and Level Annotations

Branches:
Dungeon (1/1)

Altars:

Annotations:
D exclusion: obsidian statue


Innate Abilities, Weirdness & Mutations

You are immune to sickness and miasma.
You are immune to poison.
Your flesh is very heat resistant. (rF++)
You are vulnerable to cold. (rC-)
You float through the air rather than walking.
You learn spells naturally, not from books.
Your magical power is your life essence.
You have superior vitality. (+4 MHP)
You are frail. (-10% HP)


Message History

You feel yourself slow down.
Your Fighting skill increases to level 5!
Your Long Blades skill increases to level 9!
Your Throwing skill increases to level 4!
Your Armour skill increases to level 1!
Your Dodging skill increases to level 9!
You have reached level 7!
The power to cast Vampiric Draining wells up from within.
Spell assigned to 'c'.
Unknown command.
Unknown command.
Marking area around an obsidian statue as unsafe for travelling.
You hit the neqoxec.
The neqoxec is lightly wounded.
The neqoxec closely misses you.
You slash the neqoxec!
The neqoxec is moderately wounded.
The neqoxec misses you.
You closely miss the neqoxec.
The neqoxec is moderately wounded.
The neqoxec hits you!
You closely miss the neqoxec.
The neqoxec is moderately wounded.
The neqoxec hits you!
* * * LOW HITPOINT WARNING * * *
You slash the neqoxec!
The neqoxec is severely wounded.
The neqoxec misses you.
You hit the neqoxec but do no damage.
The neqoxec is severely wounded.
The neqoxec closely misses you.
You hit the neqoxec but do no damage.
The neqoxec is severely wounded.
You closely miss the neqoxec.
The neqoxec is severely wounded.
The neqoxec closely misses you.
You hit the neqoxec.
The neqoxec is severely wounded.
The neqoxec hits you!
You die...

# #+#
.#
##.##l#
+.<.+#
##.##l#
#'## .#
####.##
#
#..##.#
#.$@##
##3##
~~~
#○°°#
#☼○°°
#≈○○○○
+○☼○○≈8
##○○°§≈


You could see an obsidian statue and a neqoxec.

Vanquished Creatures
  3 neqoxecs (D)
3 creatures vanquished.

Notes
Turn   | Place    | Note
-------+----------+-------------------------------------------
     0 | D        | rocky1 the Djinni Gladiator began the quest for the Orb.
     0 | D        | Reached XP level 1. HP: 18/18 MP: 0/0
     1 | D        | Noticed a wyvern
     1 | D        | Noticed a wyvern
     5 | D        | Noticed a neqoxec
     6 | D        | Noticed a neqoxec
    12 | D        | Gained mutation: You are frail. (-10% HP) [a neqoxec]
    13 | D        | Killed a neqoxec
    14 | D        | Reached XP level 2. HP: 23/23 MP: 0/0
    14 | D        | Reached XP level 3. HP: 27/27 MP: 0/0
    14 | D        | Learned a level 1 spell: Freeze
    14 | D        | Reached XP level 4. HP: 33/33 MP: 0/0
    14 | D        | Reached XP level 5. HP: 36/36 MP: 0/0
    14 | D        | Learned a level 2 spell: Momentum Strike
    18 | D        | Killed a neqoxec
    19 | D        | Reached XP level 6. HP: 43/43 MP: 0/0
    20 | D        | Noticed a neqoxec
    20 | D        | Noticed a neqoxec
    23 | D        | Killed a neqoxec
    24 | D        | Reached skill level 5 in Fighting
    24 | D        | Reached skill level 1 in Armour
    24 | D        | Reached XP level 7. HP: 29/48 MP: 0/0
    24 | D        | Learned a level 3 spell: Vampiric Draining
    24 | D        | Noticed an obsidian statue
    33 | D        | Slain by a neqoxec

Illustrated notes

Levels and vault maps discovered:
D:        the_violet_keep_of_menkaure [sprint2_stairs_cluster_1,
          sprint2_shoproom, sprint2_temple, sprint2_basic_supplies,
          sprint2_obstacle_3, sprint2_obstacle_4, sprint2_obstacle_1,
          sprint2_obstacle_5, sprint2_obstacle_2, sprint2_timed_cluster_1,
          sprint2_smallroom_cluster_1, sprint2_smallroom_final_cluster_1,
          sprint2_transparent_cluster_1, sprint2_second_timed_cluster_1,
          sprint2_sniper_area_1, sprint2_heavy_combat_area_1,
          sprint2_mutation_trap_area_1, sprint2_forest_area_1,
          sprint2_light_combat_area_1, sprint2_behind_water_1,
          sprint2_near_end_vault_1]

Skill      XL: |  1  2  3  4  5  6 |
---------------+-------------------+-----
Fighting       | 3 4 5 |  5.0
Long Blades    | 6 8 9 |  9.0
Throwing       | 3 4 |  4.0
Dodging        | 7 8 9 |  9.5
Armour         | 1 |  1.0

Action                     |  1- 3 |  4- 6 |  7- 9 || total
---------------------------+-------+-------+-------++-------
  Melee: Long sword        |     4 |     8 |     9 ||    21
    Use: Potion            |     2 |       |       ||     2
 Armour: Leather armour    |     1 |     3 |     3 ||     7
  Dodge: Dodged            |       |     2 |     5 ||     7

Table legend: (Time is in decaauts)
 A = Elapsed time spent in this place.
 B = Non-inter-level travel time spent in this place.
 C = Inter-level travel time spent in this place.
 D = Time resting spent in this place.
 E = Time spent auto-exploring this place.
 F = Levels seen in this place.
 G = Mean time per level.
                   A        B        C        D        E       F      G
               +--------+--------+--------+--------+--------+-----+--------+
         Total |     27 |     27 |      0 |      0 |      0 |   1 |   27.0 |
       Dungeon |     27 |     27 |      0 |      0 |      0 |   1 |   27.0 |
               +--------+--------+--------+--------+--------+-----+--------+

Top non-repeatable levels by time:
       D: 27 daAuts
